 Dungeon Crawl Stone Soup version 0.25-a0-464-g3004169c2b (webtiles) character file.

Game seed: 17321025187911323565, levelgen mode: deterministic

130 Kohma the Chopper (level 4, 0/41 HPs)
             Began as a Minotaur Berserker on Feb 4, 2020.
             Was a Believer of Trog.
             Succumbed to a gnoll's poison
             ... on level 2 of the Dungeon.
             The game lasted 00:05:48 (1400 turns).

Kohma the Chopper (Minotaur Berserker)              Turns: 1400, Time: 00:05:48

Health: 0/41       AC:  6    Str: 23    XL:     4   Next: 90%
Magic:  3/3        EV: 10    Int:  4    God:    Trog [**....]
Gold:   97         SH:  0    Dex:  9    Spells: 3/3 levels left

rFire    . . .     SeeInvis .   a - +0 hand axe
rCold    . . .     Gourm    .   (no shield)
rNeg     . . .     Faith    .   k - +0 scale mail
rPois    .         Spirit   .   (helmet restricted)
rElec    .         Reflect  .   (no cloak)
rCorr    .         Harm     .   (no gloves)
MR       .....                  (no boots)
Stlth    ..........             (no amulet)
HPRegen  0.13/turn              (no ring)
MPRegen  0.08/turn              (no ring)

@: lethally poisoned (0 -> -7), about to teleport, flying, very slightly
contaminated
A: retaliatory headbutt, horns 2
a: Berserk, Trog's Hand, Renounce Religion


You were on level 2 of the Dungeon.
You worshipped Trog.
Trog was pleased with you.
You were not hungry.

You visited 1 branch of the dungeon, and saw 2 of its levels.

You collected 97 gold pieces.

Inventory:

Hand Weapons
 a - a +0 hand axe (weapon)
Armour
 k - a +0 scale mail (worn)
Jewellery
 h - a cursed -2 ring of dexterity
Wands
 m - a wand of polymorph (11)
Scrolls
 d - 3 scrolls of identify
Potions
 b - a potion of magic
Comestibles
 c - 3 rations
 f - 2 chunks of flesh


   Skills:
 + Level 4.8 Fighting
 * Level 6.0 Axes
 - Level 2.4 Armour
 - Level 2.2 Dodging


You had 3 spell levels left.
You didn't know any spells.
Your spell library was empty.

Dungeon Overview and Level Annotations

Branches:
Dungeon (2/15)

Altars:


Innate Abilities, Weirdness & Mutations

You reflexively headbutt those who attack you in melee.
You have a pair of horns on your head.


Message History

* * * LOW HITPOINT WARNING * * *
You feel sick.
As you read the scroll labeled IFAAVILELE, it crumbles to dust.
It is a scroll of amnesia.
You feel forgetful for a moment.
* * * LOW HITPOINT WARNING * * *
You feel sick.
As you read the scroll labeled WIRAMO ECRIQU, it crumbles to dust.
The air around you briefly surges with heat, but it dissipates.
It was a scroll of immolation.
As you read the scroll labeled YWAFAM JIASUI, it crumbles to dust.
You hear snatches of song.
It was a scroll of random uselessness.
* * * LOW HITPOINT WARNING * * *
You feel sick.
As you read the scroll labeled RAAXTU TUNOWN, it crumbles to dust.
You feel strangely unstable.
It was a scroll of teleportation.
* * * LOW HITPOINT WARNING * * *
You feel sick.
You die...

.......##
#........#.......).
......##
.≈.###................
.....## # #.≈
#.############...
.#...# ≈.#..# #.# ##..
.#...# ≈..# #.# #..
###### . #.≈##.# #..
.## #..#)# #..
.≈...#.#)# #.> #.#)@.#
##. ≈≈..≈[)### ≈≈.#...
.#≈.##≈ .## .# ## # #


There were no monsters in sight!

Vanquished Creatures
  4 gnolls (D:2)
  4 adders (D:2)
  An ooze (D:1)
  A worm (D:2)
  4 giant cockroaches
  8 goblins
  9 hobgoblins
  3 jackals (D:2)
  2 kobolds
  6 bats
  4 frilled lizards
  4 rats
50 creatures vanquished.

Notes
Turn   | Place    | Note
-------+----------+-------------------------------------------
     0 | D:1      | Kohma the Minotaur Berserker began the quest for the Orb.
     0 | D:1      | Reached XP level 1. HP: 19/19 MP: 0/0
    90 | D:1      | Reached skill level 4 in Axes
    91 | D:1      | Reached XP level 2. HP: 23/27 MP: 1/1
   862 | D:2      | Reached XP level 3. HP: 33/33 MP: 2/2
   941 | D:2      | Reached skill level 5 in Axes
  1025 | D:2      | Reached ** piety under Trog
  1052 | D:2      | Reached XP level 4. HP: 38/41 MP: 3/3
  1392 | D:2      | Reached skill level 6 in Axes
  1396 | D:2      | HP: 2/41 [poisoned by a gnoll]
  1400 | D:2      | Succumbed to a gnoll's poison

Levels and vault maps discovered:
D:1:      minmay_arrival_pointy, layout_basic
D:2:      layout_basic, nicolae_overflow_hidden_temple, tgw_xom

Skill      XL: |  1  2  3  4 |
---------------+-------------+-----
Axes           | 4 5 6 |  6.0
Fighting       | 4 |  4.8
Armour         | |  2.4
Dodging        | |  2.2

Action                   |  1- 3 |  4- 6 || total
-------------------------+-------+-------++-------
Melee: Hand axe          |    71 |    43 ||   114
       Headbutt          |     8 |     4 ||    12
  Use: Scroll            |       |     5 ||     5
       Potion            |       |     2 ||     2
 Stab: Invisible         |       |     1 ||     1
  Eat: Chunk             |       |     2 ||     2
Armor: Animal skin       |     4 |       ||     4
       Leather armour    |     6 |       ||     6
       Scale mail        |    17 |    27 ||    44
Dodge: Dodged            |    52 |    23 ||    75

Table legend:
 A = Non-vault XP
 B = Vault XP
 C = Vault XP percentage of total XP
 D = Non-vault monster count
 E = Vault monster count
 F = Vault count percentage of total count
                 A         B        C        D         E       F
            +---------+---------+-------+---------+---------+-------
      Total |     129 |      58 |  31.0 |      46 |       4 |   8.0
            +---------+---------+-------+---------+---------+-------
        D:1 |      37 |       0 |   0.0 |      18 |       0 |   0.0
        D:2 |      92 |      58 |  38.7 |      28 |       4 |  12.5
            +---------+---------+-------+---------+---------+-------
